 Dungeon Crawl Stone Soup version 0.31-a0-986-g5e6e4ef867 (webtiles) character file.

Game seed: 2968332681511742785

289 Zonian the Grave Robber (level 6, -3/32 HPs)
             Began as a Deep Elf Necromancer on Nov 9, 2023.
             Slain by a phantom (6 damage)
             ... on level 4 of the Dungeon.
             The game lasted 00:10:20 (3589 turns).

Zonian the Grave Robber (Deep Elf Necromancer)      Turns: 3589, Time: 00:10:21

Health: -3/32      AC:  2    Str:  5    XL:     6   Next: 9%
Magic:  15/15      EV: 14    Int: 22    God:
Gold:   175        SH:  0    Dex: 20    Spells: 11/15 levels left

rFire   + . .        h - +3 dagger "Sajoveimo" {pain, rC+}
rCold   . . .        (no shield)
rNeg    . . .        a - +0 robe
rPois   .            (no helmet)
rElec   .            (no cloak)
rCorr   .            (no gloves)
SInv    .            (no boots)
Will    .....        (no amulet)
Stlth   +++          g - ring "Dihys" {Fire Dex+5}
HPRegen 0.25/turn    (no ring)
MPRegen 0.14/turn

%: no passive effects
@: no status effects
A: no striking features
a: no special abilities


You were on level 4 of the Dungeon.
You visited 1 branch of the dungeon, and saw 4 of its levels.

You collected 175 gold pieces.

Inventory:

Hand Weapons
 c - a +2 short sword of holy wrath
 h - the +3 dagger "Sajoveimo" (weapon) {pain, rC+}
   (You took it off a goblin on level 2 of the Dungeon)

   rC+:       It protects you from cold.
 p - a +0 sling
 q - a +0 orcbow
Armour
 a - a +0 robe (worn)
Jewellery
 g - the ring "Dihys" (left hand) {Fire Dex+5}
   (You acquired it on level 3 of the Dungeon)

   [ring of fire]

   Fire:      It enhances your fire magic.
   Dex+5:     It affects your dexterity (+5).
   rF+:       It protects you from fire.
   rC-:       It makes you vulnerable to cold.
Scrolls
 d - a scroll of noise
 i - a scroll of teleportation
 k - a scroll of amnesia {unknown}
 m - a scroll of vulnerability
 n - a scroll of fear {unknown}
 s - 2 scrolls of immolation
 t - a scroll of torment
Potions
 b - a potion of magic
 e - 4 potions of curing
 f - a potion of ambrosia
 j - a potion of lignification {unknown}
 l - a potion of might
 o - 3 potions of heal wounds {unknown}
 r - a potion of enlightenment {unknown}
 u - a potion of degeneration {unknown}


   Skills:
 + Level 4.3 Dodging
 + Level 4.7 Stealth
 + Level 5.0 Spellcasting
 + Level 6.1 Necromancy


You had 11 spell levels left.
You knew the following spells:

 Your Spells              Type           Power      Damage    Failure   Level
a - Necrotise             Necr           100%       1d9       1%          1
b - Vampiric Draining     Necr           32%        2d8       2%          3

Your spell library contained the following spells:

 Spells                   Type           Power      Damage    Failure   Level
 Animate Dead             Necr           32%        N/A       9%          4
 Agony                    Necr           32%        N/A       22%         5


Dungeon Overview and Level Annotations

Branches:
Dungeon (4/15)
 Temple: D:4-7

Altars:

Annotations:
D:4 2 runed translucent doors, Xavori's ghost, novice DjCK


Message History

The phantom completely misses you.
You hit the phantom.
The phantom is heavily damaged.
The phantom hits you.
You hit the phantom but do no damage.
The phantom is heavily damaged.
The phantom hits you!
The phantom blinks!
You blink.
You hit the phantom but do no damage.
The phantom is heavily damaged.
The phantom hits you.
You closely miss the phantom.
The phantom is heavily damaged.
The phantom hits you but does no damage.
You hit the phantom but do no damage.
The phantom is heavily damaged.
The phantom hits you.
* * * LOW HITPOINT WARNING * * *
You miss the phantom.
The phantom is heavily damaged.
The phantom barely misses you.
You miss the phantom.
The phantom is heavily damaged.
The phantom misses you.
You miss the phantom.
The phantom is heavily damaged.
The phantom hits you.
* * * LOW HITPOINT WARNING * * *
You closely miss the phantom.
You punch the phantom, but do no damage.
The phantom is heavily damaged.
The phantom closely misses you.
You hit the phantom but do no damage.
The phantom is heavily damaged.
The phantom hits you.
* * * LOW HITPOINT WARNING * * *
Okay, then.
You hit the phantom but do no damage.
The phantom is heavily damaged.
The phantom hits you.
You die...

###..#.#.#.)....
#...............
##........##....
###....##...#.....
##.##...###........
##...##.## ###......
#....ยง...###........
###.##..............
##W@.##........#.#..
#................##.
##.#.............##.
#.##..###.......#..
####.....# #..........
#.......#####.....#.##
.#........##.....###.##
.................#.......
...##..##.......##.......


You could see a phantom.

Vanquished Creatures
  An ogre (D:4)
  7 gnolls
  6 adders
  2 dart slugs (D:1)
  2 ball pythons
  7 endoplasms
  2 giant cockroaches
  9 goblins
  3 hobgoblins
  9 jackals
  8 kobolds
  3 quokkas
  6 bats
  4 frilled lizards
  2 rats
71 creatures vanquished.

Vanquished Creatures (collateral kills)
  An endoplasm (D:2)
  A goblin (D:4)
  2 ball pythons
  A frilled lizard (D:3)
  A kobold (D:2)
6 creatures vanquished.

Grand Total: 77 creatures vanquished

Notes
Turn   | Place    | Note
-------+----------+-------------------------------------------
     0 | D:1      | Zonian the Deep Elf Necromancer began the quest for the
                  | Orb.
     0 | D:1      | Reached XP level 1. HP: 10/10 MP: 6/6
     9 | D:1      | Noticed a minotaur zombie
    18 | D:1      | Noticed a demonspawn zombie
   205 | D:1      | Reached skill level 5 in Necromancy
   205 | D:1      | Reached XP level 2. HP: 7/15 MP: 4/8
   960 | D:1      | Reached XP level 3. HP: 19/19 MP: 8/10
  1258 | D:2      | Found a faded altar of an unknown god.
  1428 | D:2      | Reached XP level 4. HP: 24/24 MP: 8/11
  1495 | D:2      | Identified the +3 dagger "Sajoveimo" {pain, rC+}
  1641 | D:2      | Learned a level 3 spell: Vampiric Draining
  2560 | D:3      | Reached XP level 5. HP: 28/28 MP: 9/13
  3193 | D:3      | Identified a scroll of acquirement
  3193 | D:3      | Acquired the ring "Dihys" {Fire Dex+5}
  3227 | D:4      | Found a large runed translucent door.
  3227 | D:4      | Found a large runed translucent door.
  3255 | D:4      | Noticed an ogre
  3266 | D:4      | Noticed an ogre
  3274 | D:4      | Killed an ogre
  3275 | D:4      | Reached skill level 6 in Necromancy
  3275 | D:4      | Reached XP level 6. HP: 4/32 MP: 6/15
  3411 | D:4      | Noticed Xavori's ghost (novice DjCK)
  3469 | D:4      | Reached skill level 5 in Spellcasting
  3589 | D:4      | Slain by a phantom

Illustrated notes

Levels and vault maps discovered:
D:1:      shiori_arrival_whats_in_store_for_you, layout_basic,
          minmay_misc_feat_chi
D:2:      layout_loops_corners, shapermc_ecumenical_altar_notcrosses,
          chequers_serial_rivers_micro_e, amcnicky_mini_corridor_feature
D:3:      layout_loops_ring
D:4:      layout_cave_pools, serial_shops, kennysheep_mini_moat,
          ebering_ghost_disaster_area

Skill      XL: |  1  2  3  4  5  6 |
---------------+-------------------+-----
Necromancy     | 5 6 |  6.1
Stealth        | 3 4 |  4.7
Dodging        | 3 4 |  4.3
Spellcasting   | 4 5 |  5.0

Action                     |  1- 3 |  4- 6 || total
---------------------------+-------+-------++-------
  Melee: Short sword       |     2 |       ||     2
         Dagger            |       |    19 ||    19
         Punch             |       |     2 ||     2
   Cast: Necrotise         |    54 |    74 ||   128
    Use: Scroll            |     7 |     4 ||    11
 Armour: Robe              |     6 |    20 ||    26
  Dodge: Dodged            |     6 |    15 ||    21

Table legend: (Time is in decaauts)
 A = Elapsed time spent in this place.
 B = Non-inter-level travel time spent in this place.
 C = Inter-level travel time spent in this place.
 D = Time resting spent in this place.
 E = Time spent auto-exploring this place.
 F = Levels seen in this place.
 G = Mean time per level.
                   A        B        C        D        E       F      G
               +--------+--------+--------+--------+--------+-----+--------+
         Total |   3587 |   3529 |     58 |    688 |   2148 |   4 |  896.8 |
       Dungeon |   3587 |   3529 |     58 |    688 |   2148 |   4 |  896.8 |
               +--------+--------+--------+--------+--------+-----+--------+

Top non-repeatable levels by time:
     D:2: 1235 daAuts
     D:1: 1123 daAuts
     D:3: 848 daAuts
     D:4: 379 daAuts
